 Dungeon Crawl Stone Soup version 0.26-a0-18-g135ff06667 (webtiles) character file.

Game seed: 6668243805497627340, levelgen mode: deterministic

107 Mrkan the Skirmisher (level 4, -5/29 HPs)
             Began as a Gargoyle Fighter on May 25, 2020.
             Killed by divine providence
             ... invoked by an orc priest
              (14 damage)
             ... on level 3 of the Dungeon.
             The game lasted 00:02:36 (2343 turns).

Mrkan the Skirmisher (Gargoyle Fighter)             Turns: 2343, Time: 00:02:36

Health: -5/29      AC: 13    Str: 20    XL:     4   Next: 85%
Magic:  4/4        EV:  5    Int:  9    God:
Gold:   74         SH:  9    Dex:  9    Spells: 3/3 levels left

rFire    . . .     SeeInvis .   a - +0 flail
rCold    . . .     Gourm    .   c - +0 kite shield
rNeg     + . .     Faith    .   k - +0 chain mail
rPois    ∞         Spirit   .   (no helmet)
rElec    +         Reflect  .   (no cloak)
rCorr    .         Harm     .   (no gloves)
MR       .....                  (no boots)
Stlth    ..........             (no amulet)
HPRegen  0.09/turn              (no ring)
MPRegen  0.09/turn              (no ring)

@: no status effects
A: negative energy resistance 1, electricity resistance, unbreathing,
petrification resistance, rot immunity, AC +3
a: no special abilities


You were on level 3 of the Dungeon.
You were not hungry.

You visited 1 branch of the dungeon, and saw 3 of its levels.

You collected 74 gold pieces.

Inventory:

Hand Weapons
 a - a +0 flail (weapon)
Armour
 b - a +0 scale mail
 c - a +0 kite shield (worn)
 k - a +0 chain mail (worn)
Jewellery
 s - an uncursed amulet of the acrobat {unknown}
Scrolls
 e - 6 scrolls of identify {unknown}
 g - a scroll of noise {unknown}
 i - a scroll of enchant armour {unknown}
 m - 2 scrolls of magic mapping {unknown}
 n - a scroll of fear {unknown}
 p - 2 scrolls of remove curse {unknown}
Potions
 d - 3 potions of might
 h - a potion of magic {unknown}
 j - 2 potions of curing {unknown}
 l - a potion of heal wounds {unknown}
 o - a potion of lignification {unknown}
 r - a potion of invisibility {unknown}
Comestibles
 f - a ration
 q - 6 chunks of flesh


   Skills:
 + Level 4.0 Fighting
 * Level 3.4 Maces & Flails
 + Level 3.9 Armour
 + Level 4.0 Shields


You had 3 spell levels left.
You didn't know any spells.
Your spell library was empty.

Dungeon Overview and Level Annotations

Branches:
Dungeon (3/15)

Altars:


Innate Abilities, Weirdness & Mutations

You are resistant to torment.
Your stone body is resilient. (AC +3)
You are immune to poison.
You resist negative energy. (rN+)
You are resistant to electric shocks. (rElec)
You can survive without breathing.
You are immune to petrification.
You are immune to rotting.


Message History

You now have 74 gold pieces (gained 13).
Some of the chunks of flesh in your inventory have rotted away.
An orc comes into view. It is wielding a +0 dagger.
The orc shouts!
You hear a shout! x2
An orc priest comes into view. It is wielding a +0 club.
The orc priest calls down the wrath of Beogh upon you.
Beogh smites you! You block the orc's attack.
You hear a shout!
You sock the orc!
You kill the orc!
You hear a shout!
The orc priest calls down the wrath of Beogh upon you.
Pain shoots through your body!
The orc priest invokes the aid of Beogh against you.
Pain shoots through your body!
You see here a +0 dagger.
A kobold comes into view.
The orc priest calls down the wrath of Beogh upon you.
Beogh smites you!
You die...

.# #.#####.#####..
.###.#####.####
.....#........# #
(#####.###.##.# K#
.# #.# #.##.# #.
.#
###.###.##.####.
.# #.....#.##.##.o
.###.###.#.##.##.#
.....# #...##.##@#
####.###.####.##)#
## #..<..#
#.##.#...##
######.###
#.........#
≈≈≈#.#.#
#.#####.....
≈≈≈#...# #.# ..##
≈≈≈'...######.# ##
≈≈≈#......)...#
≈≈≈#......(...#


You could see an orc priest and a kobold.

Vanquished Creatures
  3 adders (D:2)
  An ooze (D:1)
  A worm (D:2)
  2 dart slugs (D:1)
  4 leopard geckos (D:1)
  An orc (D:3)
  2 giant cockroaches
  6 goblins
  10 hobgoblins
  3 jackals (D:2)
  3 quokkas
  9 bats
  5 frilled lizards
  6 kobolds
  2 rats
58 creatures vanquished.

Notes
Turn   | Place    | Note
-------+----------+-------------------------------------------
     0 | D:1      | Mrkan the Gargoyle Fighter began the quest for the Orb.
     0 | D:1      | Reached XP level 1. HP: 14/14 MP: 1/1
    68 | D:1      | Reached XP level 2. HP: 19/19 MP: 2/2
   395 | D:1      | Reached XP level 3. HP: 23/23 MP: 3/3
  1246 | D:2      | Reached XP level 4. HP: 28/29 MP: 4/4
  2343 | D:3      | Killed from afar by an orc priest

Illustrated notes

Levels and vault maps discovered:
D:1:      minmay_arrival_wavy_path, layout_loops_corners
D:2:      layout_loops_corners, minmay_fractal_squares_gapless_5
D:3:      layout_loops_ring, serial_rivers, chequers_serial_rivers_room_b,
          chequers_serial_rivers_micro_e, chequers_serial_rivers_micro_a,
          chequers_serial_rivers_room_a

Skill      XL: |  1  2  3  4 |
---------------+-------------+-----
Maces & Flails | 3 |  3.4
Fighting       | 4 |  4.0
Shields        | 4 |  4.0
Armour         | |  3.9

Action                   |  1- 3 |  4- 6 || total
-------------------------+-------+-------++-------
Melee: Flail             |   111 |   117 ||   228
  Eat: Chunk             |     1 |     4 ||     5
Armor: Scale mail        |    49 |       ||    49
       Chain mail        |    25 |   117 ||   142
Dodge: Dodged            |    36 |    44 ||    80
Block: Kite shield       |    76 |    99 ||   175

Table legend:
 A = Non-vault XP
 B = Vault XP
 C = Vault XP percentage of total XP
 D = Non-vault monster count
 E = Vault monster count
 F = Vault count percentage of total count
                 A         B        C        D         E       F
            +---------+---------+-------+---------+---------+-------
      Total |     136 |      17 |  11.1 |      54 |       4 |   6.9
            +---------+---------+-------+---------+---------+-------
        D:1 |      61 |       0 |   0.0 |      27 |       0 |   0.0
        D:2 |      62 |      17 |  21.5 |      20 |       4 |  16.7
        D:3 |      13 |       0 |   0.0 |       7 |       0 |   0.0
            +---------+---------+-------+---------+---------+-------
